Map: Iron Fortress LE

Players

DaehanMiguk - Winner!

  • Race: Protoss Protoss
  • Spawn Location: 5:00

DrennoC

  • Race: Terran Terran
  • Spawn Location: 11:00

VOD

Have the link to the VOD?

Description

Time

  • Played on: April 3, 2015, 2:17 p.m.
  • Length: 12:08
Show
View Real Time Build Order
Export as new Build Order

DaehanMiguk Protoss - Winner!

Build Orders: Blink Stalkers 

Get SALT Encoding   

  12  0:00  Probe  
  13  0:13  Pylon  
  13  0:17  Probe  
  14  0:31  Probe (Chrono Boost)  
  15  0:36  Gateway  
  15  0:41  Probe (Chrono Boost)  
  16  0:46  Assimilator  
  16  0:48  Probe  
  17  1:00  Probe  
  18  1:12  Probe  
  18  1:14  Pylon  
  19  1:23  Cybernetics Core  
  19  1:25  Probe  
  20  1:46  Nexus  
  20  1:51  Probe  
  21  1:57  Assimilator  
  21  2:02  Twilight Council  
  21  2:06  Warp Gate (Chrono Boost)  
  21  2:09  Probe  
  22  2:21  Probe  
  23  2:32  Gateway  
  23  2:34  Probe  
  24  2:42  Blink (Chrono Boost)  
  24  2:53  Stalker  
  24  2:58  Probe x2 (Chrono Boost)  
  28  3:09  Probe (Chrono Boost)  
  28  3:11  Probe (Chrono Boost)  
  29  3:17  Probe  
  30  3:21  Probe  
  31  3:30  Gateway  
  31  3:32  Probe  
  34  3:38  Mothership Core (Chrono Boost)  
  34  3:41  Gateway  
  34  3:44  Probe (Chrono Boost)  
  35  3:49  Stalker  
  35  3:52  Stalker  
  35  3:54  Probe (Chrono Boost)  
  41  3:57  Probe (Chrono Boost)  
  41  4:01  Probe  
  42  4:06  Probe  
  43  4:13  Probe  
  44  4:17  Pylon  
  44  4:24  Probe  
  44  4:29  Probe  
  44  4:38  Stalker, Probe (Chrono Boost)  
  45  4:39  Stalker  
  45  4:43  Probe (Chrono Boost)  
  50  4:49  Assimilator  
  50  4:50  Probe (Chrono Boost)  
  50  4:51  Assimilator  
  52  4:53  Probe (Chrono Boost)  
  52  5:01  Pylon  
  52  5:06  Pylon  
  52  5:07  Charge (Chrono Boost), Robotics Facility  
  52  5:19  Probe x2  
  54  5:23  Nexus, Forge  
  54  5:25  Sentry  
  54  5:26  Stalker  
  54  5:27  Forge  
  58  5:32  Probe x2  
  60  5:39  Stalker  
  60  5:40  Stalker  
  64  6:01  Stalker  
  64  6:02  Stalker  
  64  6:03  Protoss Ground Weapons Level 1 (Chrono Boost)  
  68  6:04  Protoss Ground Armor Level 1 (Chrono Boost)  
  68  6:11  Pylon  
  68  6:16  Pylon  
  68  6:20  Stalker, Pylon  
  68  6:24  Pylon  
  68  6:27  Pylon  
  68  6:29  Probe  
  69  6:33  Observer (Chrono Boost)  
  70  6:40  Robotics Facility  
  70  6:43  Probe (Chrono Boost)  
  73  6:47  Gateway  
  73  6:48  Probe (Chrono Boost)  
  73  6:49  Probe (Chrono Boost), Gateway  
  73  6:54  Probe (Chrono Boost)  
  74  6:57  Probe x2 (Chrono Boost)  
  74  7:01  Probe  
  75  7:03  Stalker x2  
  76  7:20  Stalker x2  
  73  7:39  Stalker x2  
  73  7:41  Probe x2 (Chrono Boost)  
  73  7:42  Probe (Chrono Boost)  
  78  7:51  Probe x3 (Chrono Boost), Robotics Bay, Protoss Ground Weapons Level 2 (Chrono Boost), Protoss Ground Armor Level 2 (Chrono Boost)  
  81  7:57  Assimilator  
  81  7:58  Probe x3  
  84  8:01  Pylon, Assimilator  
  84  8:05  Pylon  
  84  8:06  Stalker x2  
  84  8:07  Gateway  
  84  8:08  Gateway  
  84  8:10  Gateway, Probe x3  
  91  8:17  Stalker x2  
  95  8:25  Probe (Chrono Boost)  
  95  8:26  Probe x2 (Chrono Boost)  
  98  8:37  Probe x2 (Chrono Boost)  
  98  8:42  Stalker x5  
  108  8:56  Probe  
  108  9:00  Photon Cannon  
  108  9:02  Photon Cannon  
  117  9:13  Disruptor (Chrono Boost)  
  117  9:15  Disruptor (Chrono Boost), Pylon  
  117  9:20  Pylon  
  117  9:29  Zealot x3  
  117  9:30  Zealot x3  
  129  9:34  Disruptor  
  129  9:37  Zealot  
  129  9:38  Zealot  
  141  9:48  Disruptor (Chrono Boost), Zealot x2  
  141  9:51  Disruptor (Chrono Boost)  
  141  9:52  Pylon  
  145  10:06  Disruptor  
  128  10:18  Zealot  
  128  10:19  Zealot x7  
  144  10:27  Pylon  
  144  10:29  Disruptor, Pylon  
  144  10:32  Pylon  
  144  10:35  Pylon  
  144  10:38  Pylon  
  132  10:46  Pylon  
  124  10:59  Disruptor  
  120  11:13  Zealot x5  
  120  11:14  Zealot x2  
  116  11:50  Zealot x5  
  116  11:51  Zealot x3  
Show
View Real Time Build Order
Export as new Build Order

DrennoC Terran 

Build Orders:  

Get SALT Encoding   

  12  0:01  SCV  
  13  0:13  SCV  
  14  0:25  Supply Depot  
  14  0:26  SCV  
  15  0:42  Refinery  
  15  0:48  Barracks  
  16  0:50  SCV  
  16  1:02  SCV  
  17  1:25  Command Center  
  17  1:31  SCV  
  18  1:48  Marine  
  18  1:52  Orbital Command  
  19  2:09  Marine  
  19  2:11  Barracks  
  20  2:22  SCV  
  21  2:27  Marine  
  22  2:32  Engineering Bay  
  22  2:34  SCV  
  23  2:44  Marine  
  23  2:46  SCV  
  25  2:59  SCV  
  25  3:03  Barracks Reactor  
  26  3:10  Barracks Reactor  
  26  3:12  SCV x2  
  28  3:13  Terran Infantry Weapons Level 1, Factory  
  28  3:24  SCV  
  29  3:32  Orbital Command  
  29  3:37  Supply Depot  
  29  3:39  Supply Depot  
  29  3:47  Marine  
  29  3:48  Marine x2  
  31  3:49  Marine  
  31  3:54  SCV  
  34  3:56  Refinery  
  34  4:01  Bunker  
  34  4:06  SCV  
  34  4:07  Marine  
  36  4:16  Starport  
  35  4:18  Factory Tech Lab  
  35  4:20  Barracks  
  35  4:22  Marine x2  
  37  4:29  SCV x2  
  39  4:34  Supply Depot  
  39  4:37  Marine x2  
  41  4:41  SCV x2  
  41  4:43  Supply Depot  
  41  4:44  Missile Turret  
  43  4:55  Missile Turret  
  43  5:02  Cyclone  
  43  5:05  Marine x3  
  49  5:07  Medivac  
  49  5:10  SCV x2  
  53  5:19  Barracks Tech Lab  
  53  5:22  SCV  
  53  5:23  Marine x3  
  53  5:24  Marine  
  53  5:25  SCV  
  53  5:27  Supply Depot  
  59  5:41  Marine  
  58  5:56  Marine x3  
  59  5:57  SCV x2, Combat Shields  
  59  5:59  Marauder  
  59  6:08  Barracks x2  
  59  6:09  SCV x2  
  59  6:11  Barracks  
  60  6:23  Marine x4  
  60  6:24  Marauder  
  66  6:33  SCV  
  67  6:40  Terran Infantry Armor Level 1  
  67  6:41  Marine x3  
  67  6:45  Marauder  
  72  6:48  Command Center  
  72  6:49  Refinery  
  72  6:50  Supply Depot  
  70  7:01  Medivac  
  70  7:07  Marauder  
  72  7:14  Marine x5  
  68  7:24  Marine x2  
  68  7:28  Marauder  
  66  7:31  Marine  
  60  7:43  Marine x3  
  62  7:46  Barracks Tech Lab  
  62  7:47  Barracks Tech Lab  
  62  7:48  Marine  
  62  7:49  Marine  
  62  7:50  Marauder  
  65  8:01  Starport Reactor, Marine x2  
  67  8:08  Marine x2  
  67  8:09  Marine x3  
  67  8:10  SCV x2  
  67  8:11  Orbital Command, Marauder  
  76  8:18  Marine  
  76  8:19  Marine  
  78  8:22  SCV x2  
  80  8:28  Marine x5  
  80  8:32  Marauder  
  80  8:33  Stimpack  
  85  8:34  Concussive Shells  
  85  8:38  Marine  
  85  8:39  Marine  
  85  8:41  SCV x3  
  88  8:44  Medivac  
  88  8:45  Marine  
  88  8:46  Marine x2  
  94  8:53  Marine x2  
  94  8:54  Marauder  
  98  9:07  Marine x2  
  98  9:08  Refinery  
  100  9:15  Supply Depot  
  100  9:17  Supply Depot  
  100  9:27  SCV  
  100  9:28  Armory  
  101  9:33  Supply Depot  
  101  9:36  SCV, Medivac, Marine x4  
  109  9:38  Marine  
  109  9:39  SCV x2, Barracks Reactor, Marine x2  
  113  9:47  Barracks x2  
  113  9:54  Medivac, Marine x4  
  113  9:56  Supply Depot, Marine x3  
  122  10:07  Command Center  
  116  10:13  Marine x4  
  94  10:18  Medivac  
  94  10:20  Supply Depot  
  96  10:21  Marine x4  
  96  10:22  Marine  
  99  10:31  Marine  
  99  10:32  Marauder, Marine x2  
  102  10:35  Supply Depot  
  102  10:36  Barracks  
  102  10:38  Marine x2  
  102  10:39  Marine x3  
  102  10:40  Marine, Marauder  
  104  10:48  Marine  
  104  10:49  Marine  
  89  10:50  Marine  
  89  10:53  Marine  
  89  10:55  Marine  
  89  10:56  Marine  
  89  10:57  Marine x4  
  82  10:59  Supply Depot  
  82  11:00  Marine  
  84  11:06  Marine  
  84  11:07  Marine x2  
  84  11:10  Marine  
  70  11:13  Marine x2  
  70  11:14  Marine  
  70  11:15  Marine x2  
  70  11:16  Marauder  
  68  11:19  Marauder  
  68  11:22  Supply Depot  
  68  11:23  Supply Depot  
  68  11:24  Marine  
  68  11:25  Medivac, Marine x2  
  60  11:28  Marine  
  60  11:31  Marine  
  58  11:39  Marine x3  
  56  11:40  Marauder  
  56  11:46  Supply Depot  
  54  11:48  Marine  
Tags
 
Composition
Blink Stalkers
Matchup
PvT
Player
DrennoC
Spawn Locations
Cross Positions
Add a new tag
Caveats
  • Supply blocks, unpowered buildings, or Contaminate may cause inaccurate times.
  • Supply counts are checked every 10 seconds.